[Event "BL 2017-18"]
[Site "Germany"]
[Date "2018.02.24"]
[Round "9"]
[White "Fedorovsky, Michael"]
[Black "Hracek, Zbynek"]
[Result "*"]
[ECO "E00"]
[WhiteElo "2469"]
[BlackElo "2583"]
[Annotator "ChessBase"]
[PlyCount "31"]
[EventDate "2018.05.24"]
[EventType "team-tourn"]
[EventCountry "GER"]
[SourceTitle "playchess.com"]
[Source "ChessBase"]
[SourceQuality "1"]
[WhiteTeam "Bayern Muenchen"]
[BlackTeam "Werder Bremen"]
[TimeControl "40/6000+30:3000+30"]

1. d4 Nf6 2. c4 e6 3. g3 Bb4+ 4. Bd2 a5 5. Bg2 c5 6. d5 exd5 7. cxd5 O-O 8. Nh3 d6 9. O-O Bxd2 10. Nxd2 b5 11. a4 b4 12. Nc4 Ba6 13. Rc1 Bxc4 14. Rxc4 Nbd7 15. e4 Re8 16. Re1 *

[Event "BL 2017-18"]
[Site "Germany"]
[Date "2018.02.24"]
[Round "9"]
[White "Zpevak, Pavel"]
[Black "Thiede, Lars"]
[Result "1/2-1/2"]
[ECO "E61"]
[WhiteElo "2341"]
[BlackElo "2409"]
[Annotator "ChessBase"]
[PlyCount "120"]
[EventDate "2018.05.24"]
[EventType "team-tourn"]
[EventCountry "GER"]
[SourceTitle "playchess.com"]
[Source "ChessBase"]
[SourceQuality "1"]
[WhiteTeam "Schwaebisch Hall"]
[BlackTeam "SFR Berlin"]
[TimeControl "40/6000+30:3000+30"]

1. d4 g6 2. c4 Nf6 3. Nc3 Bg7 4. Nf3 O-O 5. Bg5 c5 6. e3 cxd4 7. Nxd4 Qa5 8. Bxf6 Bxf6 9. Be2 Nc6 10. O-O Nxd4 11. exd4 Qb6 12. Nd5 Qxb2 13. Bf3 d6 14. Nxf6+ exf6 15. c5 dxc5 16. dxc5 Qe5 17. Rc1 Rb8 18. Re1 Qc7 19. Qd4 Qd8 20. Qa4 a6 21. Red1 Qe7 22. Qa5 Be6 23. Rd2 Rfc8 24. Qb6 Rc7 25. g3 Rbc8 26. Rdc2 Qd7 27. a3 Qb5 28. Qxb5 axb5 29. c6 bxc6 30. Rxc6 Rxc6 31. Rxc6 Rd8 32. Rc2 Rd3 33. Be2 Rb3 34. Rc5 Bd7 35. Rc7 Bh3 36. f3 Rb2 37. Kf2 Be6 38. Ke3 Rb3+ 39. Kf2 Kg7 40. Rb7 Rxa3 41. Rxb5 Ra2 42. Rb4 g5 43. Rd4 Bc8 44. Ke3 h6 45. Rd2 Ra3+ 46. Rd3 Ra5 47. Rd2 Ba6 48. Bxa6 Rxa6 49. Kf2 f5 50. Kg2 Ra3 51. Rc2 h5 52. Rf2 Kg6 53. f4 f6 54. h4 Rb3 55. fxg5 fxg5 56. hxg5 Kxg5 57. Rf4 Re3 58. Rb4 Re4 59. Rb8 h4 60. Rg8+ Kf6 1/2-1/2

[Event "BL 2017-18"]
[Site "Germany"]
[Date "2018.02.25"]
[Round "10"]
[White "Moehn, Hans"]
[Black "Zpevak, Pavel"]
[Result "1/2-1/2"]
[ECO "A11"]
[WhiteElo "2365"]
[BlackElo "2341"]
[Annotator "NA"]
[PlyCount "114"]
[EventDate "2018.05.24"]
[EventType "team-tourn"]
[EventCountry "GER"]
[SourceTitle "playchess.com"]
[Source "ChessBase"]
[SourceQuality "1"]
[WhiteTeam "Dresden"]
[BlackTeam "Schwaebisch Hall"]
[TimeControl "40/6000+30:3000+30"]

1. Nf3 Nf6 2. g3 d5 3. Bg2 c6 4. O-O Bf5 5. c4 e6 6. cxd5 exd5 7. d3 Be7 8. Qb3 {[%emt 0:00:12] A11: Reti-Eröffnung} Qb6 9. Qc2 Qc5 10. Qa4 $146 ({Vorgänger:} 10. Nc3 Nbd7 11. b4 Qb6 12. e4 dxe4 13. dxe4 Bg6 14. Be3 Qxb4 15. Rab1 Qc4 {½-½ (52) Meier,G (2656)-Braun,A (2563) Germany 2015}) 10... Qb4 11. Qxb4 Bxb4 12. Nc3 O-O 13. Bf4 Re8 14. a3 Bf8 15. b4 a6 16. Nd4 Bc8 17. Nb3 Nbd7 18. Rfe1 h6 19. Rab1 g6 $14 20. Be3 Bg7 21. Bd4 Nf8 22. Na4 N6d7 23. Bxg7 Kxg7 24. Kf1 Rb8 25. Rec1 Nf6 26. Nc3 Ne6 27. a4 Bd7 28. b5 cxb5 29. axb5 d4 30. bxa6 bxa6 31. Nd5 Rb5 32. Nxf6 Kxf6 33. Nd2 Rxb1 34. Rxb1 Bb5 35. Bd5 Rc8 36. Bc4 Bxc4 37. Nxc4 Rc6 38. Kg2 Ke7 39. h4 Nc7 40. Rb8 Rc5 41. f4 Rb5 42. Rc8 Kd7 43. Rh8 a5 44. Rh7 Ke6 45. Rxh6 a4 46. g4 Kf6 47. Rh7 Rc5 48. h5 Ne6 49. Kf3 gxh5 50. Rh6+ Kg7 51. Rxh5 Rxh5 52. gxh5 f5 53. e4 dxe3 54. Kxe3 Kh6 55. d4 Nc7 56. Kd3 Nd5 57. Nd6 Nxf4+ {[%emt 0:00:36] Ke4} 1/2-1/2

[Event "BL 2017-18"]
[Site "Germany"]
[Date "2018.02.25"]
[Round "10"]
[White "Rafiee, Makan"]
[Black "Zwirs, Nico"]
[Result "0-1"]
[ECO "B99"]
[WhiteElo "2348"]
[BlackElo "2378"]
[Annotator "NA"]
[PlyCount "66"]
[EventDate "2018.05.24"]
[EventType "team-tourn"]
[EventCountry "GER"]
[SourceTitle "playchess.com"]
[Source "ChessBase"]
[SourceQuality "1"]
[WhiteTeam "Bayern Muenchen"]
[BlackTeam "Muelheim"]
[TimeControl "40/6000+30:3000+30"]

1. e4 c5 2. Nf3 d6 3. d4 cxd4 4. Nxd4 Nf6 5. Nc3 a6 6. Bg5 e6 7. f4 Be7 8. Qf3 Qc7 9. O-O-O Nbd7 10. Bd3 h6 11. Qh3 b5 {[%emt 0:14:30] B99: Sicilian Najdorf: 6 Bg5 e6 7 f4 Be7 8 Qf3 Qc7 9 0-0-0 Nbd7} (11... Nb6 12. f5 e5 13. Nb3 Bd7 14. Rhe1 O-O-O 15. Bxf6 Bxf6 16. Nd5 Nxd5 17. exd5 Kb8 18. Kb1 Qb6 19. Qf3 a5 20. Re4 {1-0 (30) Naiditsch,A (2674)-Bologan,V (2690) Sibenik 2010}) 12. e5 dxe5 13. Nxe6 fxe6 14. Bg6+ Kd8 15. Bxf6 gxf6 16. Qxe6 Rb8 $1 17. Nd5 $146 ({Predecessor:} 17. Ne4 Rb6 18. Qh3 Bb7 19. Bf5 {½-½ (66) Librelato,K (1826)-Cosme Contreras,T (1667) Barrancabermeja 2015}) 17... Qd6 18. Qf7 Rf8 ({Aber nicht} 18... exf4 $2 19. Qg7 $18) 19. Qg7 f5 20. Rd2 $14 e4 21. Rhd1 Rb7 22. Qh7 Qe6 23. g4 fxg4 24. Bxe4 Bd6 25. Kb1 Nc5 26. Nc7 Rxc7 27. Rxd6+ Rd7 28. Rxd7+ Bxd7 29. Bd5 Qf6 30. Bg8 Qe7 31. Qg6 Kc7 32. Bd5 Rxf4 33. Qxh6 Qf6 0-1

[Event "BL 2017-18"]
[Site "Germany"]
[Date "2018.02.25"]
[Round "10"]
[White "Mager, Denis"]
[Black "Braun, Christian"]
[Result "0-1"]
[ECO "D85"]
[WhiteElo "2277"]
[BlackElo "2378"]
[Annotator "NA"]
[PlyCount "80"]
[EventDate "2018.05.24"]
[EventType "team-tourn"]
[EventCountry "GER"]
[SourceTitle "playchess.com"]
[Source "ChessBase"]
[SourceQuality "1"]
[WhiteTeam "Speyer"]
[BlackTeam "Aachen"]
[TimeControl "40/6000+30:3000+30"]

1. c4 Nf6 2. Nc3 g6 3. d4 d5 4. cxd5 Nxd5 5. Bd2 Nb6 6. Bg5 Bg7 7. e3 c5 {[%emt 0:00:53] D85: Exchange Grünfeld: Unusual White 7th moves and lines with 7 Nf3} 8. dxc5 Bxc3+ 9. bxc3 Qxd1+ 10. Rxd1 N6d7 11. Bb5 (11. e4 Nxc5 12. f3 b6 13. h4 f6 14. Be3 Nbd7 15. Bb5 {½-½ (27) Stefansson,H (2581)-Swiercz,D (2656) Gjakova 2016}) 11... Nc6 12. Rd5 f6 13. Bh6 Nde5 $146 ({Find the theoretical novelty and annotate with similar games:} 13... e6 14. Rd2 Ke7 15. e4 Nxc5 {½-½ (26) Alexandrova,O (2423)-Schut,L (2284) Porto Carras 2011}) 14. e4 Be6 15. Nf3 Kf7 16. Bxc6 Nxf3+ 17. gxf3 bxc6 18. Rd2 Bc4 19. Kd1 Rhd8 20. a3 Bd3 21. Bf4 e5 22. Be3 Rab8 23. Rxd3 Rxd3+ 24. Kc2 Rd7 25. a4 Rdb7 26. Bc1 Ke6 27. Rd1 Rd7 28. Re1 g5 29. Rg1 Rg8 $19 30. f4 exf4 31. Bxf4 f5 32. exf5+ Kxf5 33. Bd6 Re8 34. Kd3 Rb7 35. Rg3 Rb2 36. Rf3+ Kg6 37. h3 Ree2 38. Bg3 h5 39. h4 gxh4 40. Bxh4 Rbd2+ {[%emt 0:50:09] Kd4} 0-1

[Event "BL 2017-18"]
[Site "Germany"]
[Date "2018.03.11"]
[Round "12"]
[White "Loxine, Jakov"]
[Black "Eichler, Christoph"]
[Result "1/2-1/2"]
[ECO "D35"]
[WhiteElo "2397"]
[BlackElo "2299"]
[Annotator "NA"]
[PlyCount "89"]
[EventDate "2018.05.24"]
[EventType "team-tourn"]
[EventCountry "GER"]
[SourceTitle "playchess.com"]
[Source "ChessBase"]
[SourceQuality "1"]
[WhiteTeam "Dresden"]
[BlackTeam "Zugzwang Muenchen"]
[TimeControl "40/6000+30:3000+30"]

1. c4 e6 2. Nc3 d5 3. d4 Nf6 4. cxd5 Nxd5 {[%emt 0:00:12] LiveBook: 607 Games} 5. e4 Nxc3 6. bxc3 c5 7. a3 g6 {[%emt 0:01:13] D35: Queen's Gambit Declined: Exchange Variation} 8. Nf3 Bg7 9. Bd3 $146 ({Predecessor:} 9. Be2 cxd4 10. cxd4 Nc6 11. Be3 O-O 12. O-O b6 13. Qa4 Bb7 14. Rad1 Ne7 15. Bd3 {1-0 (57) Caruana,F (2807)-Dominguez Perez,L (2739) Saint Louis 2017}) 9... Nc6 10. e5 cxd4 11. cxd4 O-O 12. Be4 f6 13. exf6 Bxf6 14. Be3 Qa5+ 15. Kf1 Bd7 16. h4 Ne7 17. h5 g5 $11 18. h6 Nf5 19. Bd2 Qd8 20. Bb4 Re8 21. Kg1 a5 22. Bc3 Rc8 23. Qd2 Bc6 24. Bxa5 b6 25. Bxc6 Rxc6 26. Bb4 Nxd4 27. Nxd4 Qxd4 28. Qxd4 Bxd4 29. Ra2 Rc1+ 30. Kh2 Rxh1+ 31. Kxh1 Kf7 32. Rc2 Kg6 33. g4 Kxh6 34. Kg2 Kg6 35. Kf3 h5 36. gxh5+ Kxh5 37. Ke4 Rd8 38. f3 Kg6 39. Rd2 Bf6 40. Rxd8 Bxd8 41. a4 Bc7 42. Bd2 Kh5 43. Be3 g4 44. fxg4+ Kxg4 45. Bxb6 1/2-1/2

[Event "BL 2017-18"]
[Site "Germany"]
[Date "2018.03.11"]
[Round "12"]
[White "Schmidek, Emil"]
[Black "Unzicker, Ferdinand"]
[Result "1-0"]
[ECO "B39"]
[WhiteElo "2387"]
[BlackElo "2323"]
[Annotator "NA"]
[PlyCount "77"]
[EventDate "2018.05.24"]
[EventType "team-tourn"]
[EventCountry "GER"]
[SourceTitle "playchess.com"]
[Source "ChessBase"]
[SourceQuality "1"]
[WhiteTeam "SFR Berlin"]
[BlackTeam "Bayern Muenchen"]
[TimeControl "40/6000+30:3000+30"]

1. e4 c5 2. Nf3 Nc6 3. d4 cxd4 4. Nxd4 g6 5. c4 Bg7 6. Be3 Nf6 7. Nc3 Ng4 8. Qxg4 Nxd4 9. Qd1 Ne6 10. Rc1 Qa5 11. Bd3 b6 12. O-O Bb7 13. a3 Rc8 $16 14. Rc2 d6 15. Nd5 Qa4 16. Qe2 Nd4 17. Bxd4 Bxd4 18. c5 Qa5 19. b4 Qxa3 20. Ra2 Qb3 21. Bc4 Bxd5 22. Bxb3 Bxb3 23. Rd2 e5 24. Rxd4 exd4 25. Qd3 Be6 26. Qxd4 O-O 27. cxb6 axb6 28. Qxb6 Rfd8 29. h3 Rb8 30. Qd4 d5 31. Rd1 Rd7 32. Qc5 Rbd8 33. exd5 Rxd5 34. Rxd5 Rxd5 35. Qc6 Rd1+ 36. Kh2 Bd7 37. Qb7 Rd2 38. b5 Bxb5 39. Qc8+ 1-0

[Event "BL 2017-18"]
[Site "Germany"]
[Date "2018.03.11"]
[Round "12"]
[White "Gerigk, Erasmus"]
[Black "Moehn, Hans"]
[Result "0-1"]
[ECO "A34"]
[WhiteElo "2344"]
[BlackElo "2355"]
[Annotator "NA"]
[PlyCount "56"]
[EventDate "2018.05.24"]
[EventType "team-tourn"]
[EventCountry "GER"]
[SourceTitle "playchess.com"]
[Source "ChessBase"]
[SourceQuality "1"]
[WhiteTeam "Zugzwang Muenchen"]
[BlackTeam "Dresden"]
[TimeControl "40/6000+30:3000+30"]

1. e4 c6 2. c4 d5 3. cxd5 cxd5 4. exd5 Nf6 5. Nc3 Nxd5 {[%emt 0:00:06] LiveBook: 1935 Games} 6. d4 Nxc3 7. bxc3 g6 8. Nf3 Bg7 9. Be2 O-O 10. O-O Qc7 {[%emt 0:06:11] A34: Symmetrical English: 2 Nc3, lines with ...d5} 11. Qb3 Nc6 12. Bg5 (12. Be3 Na5 13. Qb2 {½-½ (13) Fang,Y (2448)-Pikula,D (2456) Novi Sad 2016}) 12... Rd8 13. Rab1 $146 ({Predecessor:} 13. Rfd1 Be6 14. Qa3 Rac8 15. Rac1 h6 16. Bd2 Na5 17. Re1 Bf8 18. Ne5 Bc4 19. Nxc4 Nxc4 20. Bxc4 Qxc4 21. Qxa7 {½-½ (60) Lugovskoy,M (2328)-Yarullina,A (2077) Sochi 2012}) 13... b6 14. Bh4 Bb7 15. Rfe1 Rd7 16. Bg3 Qd8 17. h4 $15 Rc8 18. Ng5 e6 19. Bb5 Bf6 20. Bf4 Rd5 21. Bf1 Na5 22. Qa3 Rf5 23. Be3 Be7 24. Qc1 Nc4 25. Bd3 Nxe3 26. fxe3 Bxg5 27. Bxf5 Bxh4 28. Bd3 Bg3 0-1

[Event "BL 2017-18"]
[Site "Germany"]
[Date "2018.03.11"]
[Round "12"]
[White "Zpevak, Pavel"]
[Black "Bohnsack, Ralf"]
[Result "1/2-1/2"]
[ECO "A38"]
[WhiteElo "2337"]
[BlackElo "2149"]
[Annotator "NA"]
[PlyCount "48"]
[EventDate "2018.05.24"]
[EventType "team-tourn"]
[EventCountry "GER"]
[SourceTitle "playchess.com"]
[Source "ChessBase"]
[SourceQuality "1"]
[WhiteTeam "Schwaebisch Hall"]
[BlackTeam "Norderstedt"]
[TimeControl "40/6000+30:3000+30"]

1. Nf3 c5 2. g3 Nc6 3. Bg2 g6 4. c4 Bg7 5. Nc3 Nf6 6. O-O O-O 7. d3 d6 8. a3 Bd7 9. Rb1 a5 10. Bd2 Ne8 11. Ne1 Nc7 12. Nc2 Rb8 13. b4 axb4 14. axb4 Nxb4 15. Nxb4 cxb4 16. Rxb4 b5 17. cxb5 {A38: Symmetrical English vs ...g6: 4 Bg2 Bg7 5 Nf3 Nf6} Nxb5 18. Nxb5 Rxb5 19. Rxb5 Bxb5 20. Qb3 Qd7 (20... Bd7 21. Qb7 Qc8 22. Qa7 Rd8 23. Bg5 Bf6 24. Bxf6 exf6 {1-0 (89) Kovalenko,I (2684)-Borisek,J (2565) chess.com INT 2017}) 21. Bg5 $146 ({Predecessor:} 21. Rc1 Ba4 22. Qb4 Qb5 23. Qxb5 Bxb5 24. Bg5 Re8 25. Rb1 Ba4 26. Rb4 Bd7 27. Rb7 Bg4 28. Rxe7 {½-½ (28) Berescu,A (2461)-Parligras,M (2565) Albena 2013}) 21... h6 22. Be3 Rc8 23. Rc1 $11 Rxc1+ 24. Bxc1 Bc6 1/2-1/2

[Event "BL 2017-18"]
[Site "Germany"]
[Date "2018.04.30"]
[Round "14"]
[White "Buckels, Valentin"]
[Black "Grigorian, Spartak"]
[Result "0-1"]
[ECO "E04"]
[WhiteElo "2335"]
[BlackElo "2321"]
[Annotator "NA"]
[PlyCount "70"]
[EventDate "2018.05.24"]
[EventType "team-tourn"]
[EventCountry "GER"]
[SourceTitle "playchess.com"]
[Source "ChessBase"]
[SourceQuality "1"]
[WhiteTeam "Muelheim"]
[BlackTeam "Werder Bremen"]
[TimeControl "40/6000+30:3000+30"]

1. d4 Nf6 2. c4 e6 3. Nf3 d5 4. g3 dxc4 {[%emt 0:00:07] LiveBook: 6330 Games} 5. Bg2 a6 6. O-O Nc6 7. e3 Rb8 8. Nfd2 e5 9. Bxc6+ bxc6 10. dxe5 Ng4 11. Nxc4 Be6 12. Qc2 Rb4 13. Nbd2 h5 $14 14. f3 h4 15. fxg4 hxg3 16. hxg3 Bxc4 17. Nxc4 Qd5 18. Nd2 Rxg4 19. Qf5 Rxg3+ 20. Kf2 Rh2+ 21. Ke1 Kd8 22. Qe4 Rxd2 23. Qh4+ g5 24. Qxg3 Rg2 25. Qxg2 Qxg2 26. Bd2 g4 27. Rf2 Qh3 28. Ke2 g3 29. Rf4 Bh6 30. Rd4+ Kc8 31. Be1 Bxe3 32. Rd3 Bf4 33. Rf3 Qg2+ 34. Bf2 gxf2 35. Rf1 Bg3 0-1